 Dungeon Crawl Stone Soup version 0.21.1-1-g345015f (webtiles) character file.

24 twistedcrescendo the Cudgeler (level 2, 0/28 HPs)
             Began as a Minotaur Berserker on June 18, 2018.
             Was a Follower of Trog.
             Killed from afar by Natasha (7 damage)
             ... with a magic dart
             ... on level 2 of the Dungeon.
             The game lasted 00:06:08 (1064 turns).

twistedcrescendo the Cudgeler (Minotaur Berserker)  Turns: 1064, Time: 00:06:11

Health: 0/28       AC:  2    Str: 21    XL:     2   Next: 79%
Magic:  0/1        EV: 12    Int:  4    God:    Trog [*.....]
Gold:   115        SH:  0    Dex:  9    Spells: 1/1 levels left

rFire    . . .     SeeInvis .   a - +0 mace
rCold    . . .     Gourm    .   (no shield)
rNeg     . . .     Faith    .   b - +0 animal skin
rPois    .         Spirit   +   (helmet restricted)
rElec    .         Reflect  .   (no cloak)
rCorr    .         Harm     .   (no gloves)
MR       .....                  (no boots)
Stlth    +.........             d - amulet of guardian spirit
HPRegen  0.09/turn              (no ring)
MPRegen  0.07/turn              (no ring)

@: slowed, very slow
A: retaliatory headbutt, horns 2
a: Berserk, Burn Spellbooks, Renounce Religion


You were on level 2 of the Dungeon.
You worshipped Trog.
Trog was aware of your devotion.
You were not hungry.

You visited 1 branch of the dungeon, and saw 2 of its levels.

You collected 115 gold pieces.

Inventory:

Hand Weapons
 a - a +0 mace (weapon)
Armour
 b - a +0 animal skin (worn)
 p - a cursed +0 plate armour
Jewellery
 d - an amulet of guardian spirit (around neck)
 h - an uncursed ring of ice
Scrolls
 g - a scroll of teleportation {unknown}
 k - 2 scrolls of identify
 m - a scroll of fear {unknown}
 n - a scroll of remove curse {unknown}
Potions
 e - a potion of might {unknown}
 f - 3 potions of curing {unknown}
 j - a potion of resistance {unknown}
 l - a potion of degeneration {unknown}
 o - a potion of lignification {unknown}
Comestibles
 c - 6 rations
 i - a chunk of flesh


   Skills:
 + Level 4.3 Fighting
 + Level 4.3 Maces & Flails
 - Level 2.4 Armour
 - Level 2.1 Dodging


You had one spell level left.
You didn't know any spells.

Dungeon Overview and Level Annotations

Branches:
Dungeon (2/15)

Altars:
Hepliaklqana

Annotations:
D:2 Natasha


Innate Abilities, Weirdness & Mutations

You reflexively headbutt those who attack you in melee.
You have a pair of horns on your head.


Message History

You kill the hobgoblin!
Trog accepts your kill.
Natasha stares at you and mumbles some strange words.
You feel yourself slow down. The shadow imp hits you.
A bat comes into view.
Natasha barely misses you. The shadow imp barely misses you. Natasha claws you!
You hit Natasha. Your headbutt misses Natasha.
Natasha is moderately wounded.
The bat misses you. The shadow imp hits you. Natasha claws you!
* * * LOW HITPOINT WARNING * * *
The shadow imp shouts, "Crawl home, thou fulsome clay-brained pumpion!"
The shadow imp hits you but does no damage.
You hit Natasha. Your headbutt misses Natasha.
Natasha is heavily wounded.
Natasha barely misses you.
The shadow imp lashes its tail.
The shadow imp misses you. Natasha casts a spell at you.
The magic dart hits you!
You die...

##################
#.......##........
##...<...##5.......
######..........@h......
........(.....##)b......
...####.......##........
##...###########........
####.# #####.### ####.#
.# ..##.# ##.# #.##.##
#.. ######## #.....###
#.# #.......


You could see Natasha, a shadow imp and a bat.

Vanquished Creatures
  A dart slug (D:2)
  A leopard gecko (D:1)
  3 goblins
  2 hobgoblins (D:2)
  A quokka (D:2)
  6 bats
  3 frilled lizards
  2 kobolds
  4 rats
23 creatures vanquished.

Notes
Turn   | Place    | Note
-------+----------+-------------------------------------------
     0 | D:1      | twistedcrescendo the Minotaur Berserker began the quest for the Orb.
     0 | D:1      | Reached XP level 1. HP: 19/19 MP: 0/0
   458 | D:1      | Reached XP level 2. HP: 27/27 MP: 1/1
   949 | D:2      | Found a hazy altar of Hepliaklqana.
  1058 | D:2      | Noticed Natasha
  1064 | D:2      | Killed from afar by Natasha

Skill      XL: |  1 |
---------------+----+-----
Fighting       | 4 |  4.3
Maces & Flails | 4 |  4.3
Armour         | |  2.4
Dodging        | |  2.1

Action                   || total
-------------------------++-------
Melee: Mace              ||    41
       Headbutt          ||     5
  Use: Scroll            ||     3
Armor: Animal skin       ||    14
Dodge: Dodged            ||    41
